 Dungeon Crawl Stone Soup version 0.20.2-3-g29329e0561 (webtiles) character file.

1551 Alfie the Cutter (level 8, -2/71 HPs)
             Began as a Hill Orc Fighter on Jan 9, 2024.
             Killed by divine providence
             ... invoked by an orc priest
              (12 damage)
             ... on level 5 of the Dungeon.
             The game lasted 00:11:00 (3843 turns).

Alfie the Cutter (Hill Orc Fighter)                 Turns: 3843, Time: 00:11:00

Health: -2/71      AC:  9    Str: 21    XL:     8   Next: 88%
Magic:  8/8        EV:  9    Int:  8    God:
Gold:   283        SH: 10    Dex: 10    Spells: 6/7 levels left

rFire    . . .     SeeInvis .   a - +2 rapier
rCold    . . .     Gourm    .   c - +0 shield
rNeg     . . .     Faith    +   b - +1 scale mail
rPois    .         Spirit   .   p - +0 helmet
rElec    .         Reflect  .   (no cloak)
rCorr    .         Harm     .   (no gloves)
MR       .....                  (no boots)
Stlth    ..........             g - amulet of faith
Regen    0.3/turn               (no ring)
MPRegen  0.2/turn               (no ring)

@: no status effects
A: no striking features
a: Convert to Beogh


You were on level 5 of the Dungeon.
You were not hungry.

You visited 1 branch of the dungeon, and saw 5 of its levels.

You collected 283 gold pieces.

Inventory:

Hand Weapons
 a - a +2 rapier (weapon)
Armour
 b - a +1 scale mail (worn)
 c - a +0 shield (worn)
 p - a +0 helmet (worn)
Jewellery
 g - an amulet of faith (around neck)
 h - an uncursed amulet of magic regeneration
 j - an uncursed amulet of guardian spirit
Wands
 A - a wand of disintegration (5/24)
 B - a wand of confusion (34/48)
Scrolls
 k - a scroll of teleportation
 n - 2 scrolls of recharging {unknown}
 o - 8 scrolls of remove curse
 s - a scroll of amnesia {unknown}
 w - a scroll of immolation {unknown}
 y - a scroll of fog {unknown}
 z - a scroll of blinking
 C - a scroll of fear {unknown}
Potions
 d - a potion of resistance {unknown}
 e - a potion of mutation {unknown}
 i - 4 potions of curing
 m - a potion of lignification {unknown}
 q - a potion of ambrosia {unknown}
 r - 2 potions of heal wounds {unknown}
 u - a potion of flight
 x - a potion of magic {unknown}
 D - a potion of agility {unknown}
Comestibles
 f - 3 bread rations
 t - 2 royal jellies
 v - 2 meat rations


   Skills:
 + Level 6.4 Fighting
 + Level 7.3 Short Blades
 + Level 5.2 Armour
 + Level 2.3 Dodging
 + Level 0.5 Stealth
 + Level 5.9 Shields


You had 6 spell levels left.
You knew the following spells:

 Your Spells              Type           Power        Failure   Level  Hunger
a - Confusing Touch       Hex            #.....       98%         1    ##.....


Dungeon Overview and Level Annotations

Branches:
Dungeon (5/15)             Temple (0/1) D:4

Altars:
Fedhas

Shops:
D:5 [:(*


Message History

The adder hisses angrily.
The orc priest shouts!
The orc priest calls down the wrath of Beogh upon you.
Beogh smites you!
The orc priest invokes the aid of Beogh against you.
Beogh smites you!
* * * LOW HITPOINT WARNING * * *
You block the adder's attack.
The orc priest mumbles some strange prayers to Beogh against you.
Pain shoots through your body!
* * * LOW HITPOINT WARNING * * *
You block the adder's attack.
You closely miss the adder. The adder bites you.
* * * LOW HITPOINT WARNING * * *
The orc priest looks braver for a moment.
You block the adder's attack.
Your shield and scale mail prevent you from hitting the adder.
The orc priest invokes the aid of Beogh against you.
Beogh smites you!
You die...

.............##.
................
...............#
..............#
....o.........#
#.............#
..............#
#....@......#
##...S......# ##
###........#
.### ##.......#
...## ##......#
....# ##.....#
#...# #..#
#.....# ##..#
#..# ##.....#
#.# #..#
###......#


You could see an orc priest and an adder.

Vanquished Creatures
  The ghost of Alfie the Shield-Bearer, an amateur HOFi (D:4)
  Sigmund (D:2)
  Menkaure (D:4)
  2 phantoms
  3 ogres
  A centaur (D:5)
  A scorpion (D:4)
  A bullfrog skeleton (D:4)
  A hound (D:4)
  An orc priest (D:4)
  A jelly (D:4)
  A centaur skeleton (D:4)
  Jessica (D:3)
  Ijyb (D:5)
  2 iguanas
  4 worker ants (D:4)
  Robin (D:2)
  7 adders
  A worm (D:5)
  A dart slug (D:2)
  A leopard gecko (D:2)
  11 orcs
  5 bats
  5 giant cockroaches
  10 goblins
  10 hobgoblins
  11 jackals
  5 kobolds
  3 quokkas
  4 frilled lizards
  A jackal skeleton (D:5)
  8 rats
107 creatures vanquished.

Vanquished Creatures (others)
  An orc (D:5)
1 creature vanquished.

Grand Total: 108 creatures vanquished

Notes
Turn   | Place    | Note
-------+----------+-------------------------------------------
     0 | D:1      | Alfie the Hill Orc Fighter began the quest for the Orb.
     0 | D:1      | Reached XP level 1. HP: 19/19 MP: 1/1
   295 | D:1      | Reached XP level 2. HP: 27/27 MP: 2/2
   871 | D:2      | Learned a level 1 spell: Confusing Touch
   890 | D:2      | Reached XP level 3. HP: 23/33 MP: 3/3
  1081 | D:2      | Noticed Robin
  1105 | D:2      | Killed Robin
  1187 | D:2      | Reached XP level 4. HP: 25/40 MP: 4/4
  1238 | D:2      | Noticed Sigmund
  1245 | D:2      | Killed Sigmund
  1245 | D:2      | Reached skill level 3 in Short Blades
  1245 | D:2      | Reached XP level 5. HP: 29/47 MP: 5/5
  1245 | D:2      | Reached XP level 6. HP: 32/53 MP: 6/6
  1423 | D:2      | Reached skill level 1 in Dodging
  1799 | D:3      | Found a blossoming altar of Fedhas.
  2039 | D:3      | Noticed Jessica
  2044 | D:3      | Killed Jessica
  2044 | D:3      | Reached skill level 4 in Short Blades
  2048 | D:3      | You fall through a shaft for 2 floors!
  2048 | D:5      | Entered Level 5 of the Dungeon
  2167 | D:5      | Noticed a phantom
  2266 | D:5      | Killed a phantom
  2266 | D:5      | Reached skill level 5 in Fighting
  2266 | D:5      | Reached XP level 7. HP: 32/61 MP: 7/7
  2331 | D:5      | Found Ohilufeb's Weapon Shoppe.
  2355 | D:4      | Reached skill level 5 in Short Blades
  2853 | D:4      | Reached skill level 5 in Shields
  2899 | D:4      | Noticed Alfie's ghost (amateur HOFi)
  2932 | D:4      | Killed Alfie's ghost
  2932 | D:4      | Reached skill level 6 in Short Blades
  2932 | D:4      | Reached XP level 8. HP: 45/69 MP: 8/8
  3212 | D:4      | Reached skill level 5 in Armour
  3236 | D:4      | Found a staircase to the Ecumenical Temple.
  3486 | D:4      | Noticed Menkaure
  3494 | D:4      | Killed Menkaure
  3494 | D:4      | Reached skill level 7 in Short Blades
  3723 | D:5      | Noticed Ijyb
  3749 | D:5      | Killed Ijyb
  3796 | D:5      | Found Qeobri Qocoa's Assorted Antiques.
  3797 | D:5      | Found Plog's Armour Shoppe.
  3798 | D:5      | Found Topnias's Book Shoppe.
  3843 | D:5      | Killed from afar by an orc priest

Skill      XL: |  1  2  3  4  5  6  7  8 |
---------------+-------------------------+-----
Fighting       | 4 5 6 |  6.4
Short Blades   | 3 4 6 7 |  7.3
Armour         | 4 5 |  5.2
Shields        | 4 5 |  5.9
Dodging        | 1 2 |  2.3
Stealth        | |  0.5

Action                   |  1- 3 |  4- 6 |  7- 9 || total
-------------------------+-------+-------+-------++-------
Melee: Rapier            |   125 |   145 |   219 ||   489
  Use: Scroll            |     2 |    10 |     1 ||    13
       Potion            |       |     2 |     1 ||     3
  Eat: Bread ration      |     1 |       |       ||     1
       Fruit             |       |       |     6 ||     6
       Chunk             |       |       |     1 ||     1
Armor: Scale mail        |    38 |    51 |    56 ||   145
Dodge: Dodged            |    34 |    45 |    52 ||   131
Block: Shield            |    58 |    59 |   100 ||   217
